 Dungeon Crawl Stone Soup version 0.31-a0-16-g6d2539766c (webtiles) character file.

Game seed: 12775296640645620340

91 IdlyInterested the Shield-Bearer (level 4, -4/35 HPs)
             Began as a Demonspawn Wanderer on Apr 28, 2023.
             Slain by an ogre
             ... wielding a +0 giant spiked club
              (26 damage)
             ... on level 4 of the Dungeon on May 8, 2023.
             The game lasted 00:08:46 (2645 turns).

IdlyInterested the Shield-Bearer (DsWn)             Turns: 2645, Time: 00:08:47

Health: -4/35      AC:  6    Str: 12    XL:     4   Next: 33%
Magic:  0/4        EV: 13    Int: 11    God:
Gold:   213        SH:  7    Dex: 17    Spells: 3/3 levels left

rFire   . . .        a - +0 falchion
rCold   . . .        b - +2 buckler
rNeg    . . .        f - +0 scale mail
rPois   .            (no helmet)
rElec   .            (no cloak)
rCorr   .            (no gloves)
SInv    .            (no boots)
Will    .....        h - amulet of regeneration Stlth
                     k - +5 ring of evasion
HPRegen 1.05/turn    (no ring)
MPRegen 0.18/turn

%: guardian spirit
@: no status effects
A: magic shield, magic regeneration
a: no special abilities


You were on level 4 of the Dungeon.
You visited 1 branch of the dungeon, and saw 4 of its levels.

You collected 213 gold pieces.

Inventory:

Hand Weapons
 a - a +0 falchion (weapon)
 p - a +0 short sword
Missiles
 c - 7 poisoned darts (quivered)
 g - 17 stones
Armour
 b - a +2 buckler (worn)
 f - a +0 scale mail (worn)
 i - a +0 ring mail
Jewellery
 h - an amulet of regeneration (around neck)
 k - a +5 ring of evasion (left hand)
Scrolls
 q - a scroll of enchant weapon {unknown}
 r - a scroll of teleportation {unknown}
 t - a scroll of enchant armour {unknown}
 u - a scroll of silence {unknown}
 v - a scroll of fog {unknown}
Potions
 d - a potion of resistance
 e - a potion of heal wounds
 j - a potion of might
 l - 2 potions of curing {unknown}
 m - a potion of attraction
 n - a potion of magic {unknown}
 s - a potion of flight


   Skills:
 + Level 3.1 Fighting
 * Level 2.3 Long Blades
 - Level 1.0 Throwing
 - Level 1.0 Armour
 - Level 1.0 Dodging
 - Level 4.5 Shields
 - Level 1.0 Invocations
 - Level 1.0 Evocations


You had 3 spell levels left.
You didn't know any spells.
Your spell library was empty.

Dungeon Overview and Level Annotations

Branches:
Dungeon (4/15)
 Temple: D:4-7

Altars:
Fedhas
Hepliaklqana
Vehumet
Xom

Shops:
D:1 (   D:2 (


Innate Abilities, Weirdness & Mutations

When hurt, damage is shared between your health and your magic reserves.
You regenerate magic rapidly.


Message History

The worm closely misses you.
You slash the worm!
You kill the worm!
A goblin comes into view. It is wielding a +0 dagger.
The goblin shouts!
You hear a shout!
An ogre comes into view. It is wielding a +0 giant spiked club.
c - 8 poisoned darts (gained 2)
The ogre shouts!
You hit the goblin.
The goblin is severely wounded.
You block the goblin's attack.
You slash the goblin!
You kill the goblin!
There are no items here.
Found 4 gold pieces and a scroll labelled ZUUBYR ONEN.
Throw: 8 darts (poison)
Press: ? - help, Q - select action, (/) - cycle Shift-Dir - straight line, f - ogre
Aim: an ogre, wielding a +0 giant spiked club (75% to hit)
You throw a poisoned dart.
The poisoned dart barely misses the ogre.
Okay, then.
You slash the ogre!
The ogre is moderately wounded.
The ogre hits you with a +0 giant spiked club!
You slash the ogre!
The ogre is heavily wounded.
The ogre hits you with a +0 giant spiked club!!
Ouch! That really hurt!
* * * LOW HITPOINT WARNING * * *
You feel much better. The ogre closely misses you.
You hit the ogre but do no damage.
The ogre is heavily wounded.
You hit the ogre.
The ogre is severely wounded.
The ogre hits you with a +0 giant spiked club!
You slash the ogre!
The ogre is almost dead.
The ogre hits you with a +0 giant spiked club!!
Ouch! That really hurt!
You die...

#### .. ###
#########...+...
#<#
#.#.#.#.#.#.#.#
#.#
.......<†...(..
#.#
#.#.#.#.#.#.#.#
#.#
...............
..#
#.#.#.#.#.#.#.#$
###
.(.....O@.......
#.#.#.#.#.#.#.#.
......)........
#.#.#.#.#.#.#.#
.O.............
#.#.# #.#?#.#.#
.#.. ###.#####
#. .# #


You could see an ogre.

Vanquished Creatures
  3 adders
  A worm (D:4)
  A dart slug (D:3)
  An orc (D:3)
  6 endoplasms
  6 giant cockroaches
  6 goblins
  2 hobgoblins
  3 jackals (D:2)
  2 quokkas
  7 ball pythons
  5 bats
  3 frilled lizards (D:2)
  2 kobolds (D:2)
  9 rats
57 creatures vanquished.

Notes
Turn   | Place    | Note
-------+----------+-------------------------------------------
     0 | D:1      | IdlyInterested the Demonspawn Wanderer began the quest for
                  | the Orb.
     0 | D:1      | IdlyInterested set off with the following items: a +0
                  | falchion, a +2 buckler, 10 poisoned darts, a +0 dagger, a
                  | potion of heal wounds, a +0 leather armour.
     0 | D:1      | Reached XP level 1. HP: 16/16 MP: 1/1
     0 | D:1      | Upgraded the game from 0.30-a0-1163-gf69bf04e7a to
                  | 0.31-a0-16-g6d2539766c
   279 | D:1      | Found Ixtel's Weapon Shoppe.
   376 | D:1      | You fall into a shaft and drop 1 floor!
   377 | D:2      | Found Kuateq Recw's Antique Weapon Shop.
   415 | D:2      | Gained mutation: You regenerate magic rapidly. [demonic
                  | ancestry]
   415 | D:2      | Reached XP level 2. HP: 21/22 MP: 2/2
   643 | D:2      | Reached skill level 1 in Armour
   643 | D:2      | Gained mutation: When hurt, damage is shared between your
                  | health and your magic reserves. [demonic ancestry]
   643 | D:2      | Reached XP level 3. HP: 27/28 MP: 3/3
  1607 | D:2      | Reached skill level 1 in Dodging
  1719 | D:3      | Found a shimmering altar of Xom.
  1719 | D:3      | Found a radiant altar of Vehumet.
  1719 | D:3      | Found a hazy altar of Hepliaklqana.
  1744 | D:3      | Found a blossoming altar of Fedhas.
  1836 | D:3      | Reached skill level 1 in Invocations
  1884 | D:3      | Reached XP level 4. HP: 35/35 MP: 2/4
  2633 | D:4      | Noticed an ogre
  2645 | D:4      | Slain by an ogre

Illustrated notes

Levels and vault maps discovered:
D:1:      lightli_arrival_flooded_house, layout_basic, serial_shops,
          nicolae_shop_bloodbath_and_beyond, hangedman_decor_points
D:2:      layout_basic, basic_altar, serial_shops, nicolae_diamond_shop
D:3:      layout_loops_ring, minmay_overflow_temple_hex, hangedman_glass_teeth,
          grunt_decor_fettered
D:4:      layout_basic, st_stairs_11, chequers_serial_rivers_small_3

Skill      XL: |  1  2  3 |
---------------+----------+-----
Long Blades    | 2 |  2.3
Armour         | 1 |  1.0
Dodging        | 1 |  1.0
Fighting       | 3 |  3.1
Invocations    | 1 |  1.0
Throwing       | |  1.0
Shields        | |  4.5
Evocations     | |  1.0

Action                     |  1- 3 |  4- 6 || total
---------------------------+-------+-------++-------
  Melee: Falchion          |   141 |    30 ||   171
  Throw: Dart              |     6 |     4 ||    10
    Use: Scroll            |     2 |     1 ||     3
         Potion            |     1 |     1 ||     2
 Armour: Ring mail         |    25 |     3 ||    28
         Leather armour    |     1 |       ||     1
         Scale mail        |       |     1 ||     1
  Dodge: Dodged            |    98 |    15 ||   113
  Block: Buckler           |    51 |     8 ||    59

Table legend: (Time is in decaauts)
 A = Elapsed time spent in this place.
 B = Non-inter-level travel time spent in this place.
 C = Inter-level travel time spent in this place.
 D = Time resting spent in this place.
 E = Time spent auto-exploring this place.
 F = Levels seen in this place.
 G = Mean time per level.
                   A        B        C        D        E       F      G
               +--------+--------+--------+--------+--------+-----+--------+
         Total |   2687 |   2366 |    321 |     65 |   1632 |   4 |  671.8 |
       Dungeon |   2687 |   2366 |    321 |     65 |   1632 |   4 |  671.8 |
               +--------+--------+--------+--------+--------+-----+--------+

Top non-repeatable levels by time:
     D:3: 996 daAuts
     D:1: 834 daAuts
     D:2: 812 daAuts
     D:4: 44 daAuts
